 Dungeon Crawl Stone Soup version 0.18-a0-632-g4512088 (webtiles) character file.

21056 Duffy the Bludgeoner (level 12, -9/127 HPs)
             Began as an Ogre Hunter on Dec 4, 2015.
             Was a High Priest of Cheibriados.
             Mangled by a skeletal warrior
             ... wielding a +0 trident
              (15 damage)
             ... on level 13 of the Dungeon.
             The game lasted 00:19:21 (16755 turns).

Duffy the Bludgeoner (Ogre Hunter)                 Turns: 16755, Time: 00:19:21

Health: -9/127     AC:  7    Str: 37    XL:     12   Next: 86%
Magic:  3/18       EV: 21    Int: 23    God:    Cheibriados [*****.]
Gold:   405        SH:  0    Dex: 23    Spells: 0 memorised, 11 levels left

rFire  . . .     SeeInvis .     U - +0 giant club
rCold  . . .     Clarity  .     V - +0 troll leather armour
rNeg   . . .     SustAt   .     (shield currently unavailable)
rPois  +         Gourm    +     (helmet restricted)
rElec  .         Spirit   .     A - +1 cloak {+Inv}
rCorr  .         Dismiss  .     (gloves unavailable)
rMut   .         Stasis   .     (boots unavailable)
MR     +....                    L - amulet of the gourmand
Stlth  ++........               r - ring of poison resistance
                                m - +4 ring of evasion

@: very slow, somewhat resistant to hostile enchantments, unstealthy
A: unfitting armour, tough skin 1
a: Bend Time, Temporal Distortion, Slouch, Step From Time, Renounce Religion,
Evoke Invisibility


You were on level 13 of the Dungeon.
You worshipped Cheibriados.
Cheibriados was extremely pleased with you.
You were very full.

You visited 2 branches of the dungeon, and saw 14 of its levels.

You collected 993 gold pieces.
You spent 588 gold pieces at shops.


Innate Abilities, Weirdness & Mutations

You are too large for most types of armour.
You have tough skin (AC +1).


   Skills:
 - Level 10.5 Fighting
 + Level 16.3 Maces & Flails
 + Level 9.3 Throwing
 - Level 8.4 Dodging
 - Level 1.0 Stealth
 + Level 8.0 Invocations


You had 11 spell levels left.
You didn't know any spells.

Inventory:

Hand Weapons
 J - a +1 morningstar of protection
 U - a +0 giant club (weapon)
 W - a +0 blowgun
Missiles
 c - 11 large rocks
 d - 3 throwing nets
 f - 25 tomahawks (quivered)
 v - 100 poisoned needles
 y - 3 steel tomahawks
 H - 9 javelins
Armour
 A - a +1 cloak of invisibility (worn)
 V - a +0 troll leather armour (worn)
Jewellery
 m - a +4 ring of evasion (left hand)
 r - a ring of poison resistance (right hand)
 s - an uncursed ring of positive energy
 L - an amulet of the gourmand (around neck)
 O - an uncursed amulet of resist corrosion
Wands
 w - a wand of fireball (4)
 D - a wand of confusion (19)
 K - a wand of heal wounds (3)
Scrolls
 a - a scroll of recharging {unknown}
 h - a scroll of random uselessness {unknown}
 j - 2 scrolls of blinking {unknown}
 l - 2 scrolls of noise {unknown}
 n - 3 scrolls of enchant weapon
 p - 5 scrolls of teleportation
 q - 4 scrolls of remove curse
 x - 3 scrolls of fear
 C - a scroll of fog {unknown}
 F - 2 scrolls of enchant armour
 G - 2 scrolls of magic mapping {unknown}
 M - 2 scrolls of summoning {unknown}
 Z - a scroll of immolation {unknown}
Potions
 b - a potion of agility {unknown}
 g - 4 potions of curing
 i - 3 potions of heal wounds
 o - a potion of flight
 t - 2 potions of might
 u - a potion of lignification {unknown}
 z - 3 potions of brilliance
 E - a potion of haste {unknown}
 N - a potion of ambrosia {unknown}
 P - a potion of poison {unknown}
 R - a potion of resistance {unknown}
Books
 I - a book of Minor Magic
 X - a book of the Sky
Miscellaneous
 S - a lamp of fire
Comestibles
 e - 7 bread rations
 k - 6 meat rations
 B - 2 beef jerkies
 Q - 11 royal jellies
 T - a slice of pizza
 Y - 3 fruits

Dungeon Overview and Level Annotations

Branches:
Dungeon (13/15)            Temple (1/1) D:6            Lair (0/8) D:9
    Orc (0/4) D:12
 Vaults: D:13-14

Altars:
Ashenzari
Cheibriados
Dithmenos
Elyvilon
Fedhas
Gozag
Kikubaaqudgha
Makhleb
Nemelex Xobeh
Okawaru
Pakellas
Qazlal
Ru
Trog
Vehumet
Xom
Yredelemnul
Zin
The Shining One

Shops:
D:5 }   D:9 [   D:13 }

Annotations:
D:4 exclusion: oklob plant
D:5 exclusion: orc wizard
D:13 exclusion: orange crystal statue


Message History

You destroy the skeletal warrior!
Cheibriados appreciates the change of pace.
You feel somewhat less full.
Cheibriados reduces the support of your attributes as your movement quickens.
The skeletal warrior barely misses you.
The skeletal warrior hits you from afar with a trident.
You don't have enough magic at the moment.
You barely miss the skeletal warrior.
The skeletal warrior is almost destroyed.
The skeletal warrior barely misses you.
You hit the skeletal warrior.
The skeletal warrior is almost destroyed.
The skeletal warrior completely misses you.
The skeletal warrior hits you but does no damage.
You hit the skeletal warrior but do no damage.
The skeletal warrior is almost destroyed.
The skeletal warrior hits you from afar with a trident!
You hit the skeletal warrior.
The skeletal warrior is almost destroyed.
The skeletal warrior hits you with a short sword!!
The skeletal warrior barely misses you.
You hit the skeletal warrior.
You destroy the skeletal warrior!
Cheibriados appreciates the change of pace.
Your Invocations skill increases to level 8!
The skeletal warrior hits you with a trident!
The skeletal warrior misses you.
You see here a short sword.
You thump the skeletal warrior!
The skeletal warrior is almost destroyed.
The skeletal warrior hits you with a trident.
You hit the skeletal warrior but do no damage.
The skeletal warrior is almost destroyed.
The skeletal warrior hits you with a trident!
You die...

####################
#..................#
##########
#..................#
#.........
#............)@....#
#.........
#........#####z)..##
#.........
#........# ###....#
#.........
#........# #......#
##########
#####~#### #......#
#~~~# #......#
####### #~~~~~#
#......# #......
#~~~~~# ###....#
#...... ##~~~##
#...[# #......


You could see a skeletal warrior.

Action                   |  1- 3 |  4- 6 |  7- 9 | 10-12 || total
-------------------------+-------+-------+-------+-------++-------
Melee: Short sword       |   144 |       |       |       ||   144
       Flail             |       |   222 |   256 |       ||   478
       Morningstar       |       |       |    50 |   617 ||   667
       Giant club        |       |       |       |    15 ||    15
Throw: Tomahawk          |     5 |       |       |       ||     5
       Large rock        |       |     4 |    18 |    30 ||    52
       Javelin           |       |       |     3 |       ||     3
Invok: Slouch            |       |       |       |     5 ||     5
  Use: Scroll            |       |       |     8 |     3 ||    11
 Stab: Sleeping          |     2 |     1 |       |     7 ||    10
       Distracted        |       |       |       |     4 ||     4
  Eat: Chunk             |       |     9 |    14 |    27 ||    50
       Fruit             |       |     2 |       |       ||     2
       Beef jerky        |       |       |     1 |       ||     1
       Pizza             |       |       |     1 |       ||     1

Notes
Turn   | Place    | Note
--------------------------------------------------------------
     0 | D:1      | Duffy the Ogre Hunter began the quest for the Orb.
     0 | D:1      | Reached XP level 1. HP: 22/22 MP: 1/1
    18 | D:1      | Reached skill level 1 in Stealth
    32 | D:1      | Reached skill level 3 in Fighting
    32 | D:1      | Reached skill level 2 in Dodging
   240 | D:1      | Reached XP level 2. HP: 31/31 MP: 2/2
   630 | D:1      | Reached XP level 3. HP: 32/39 MP: 3/3
   959 | D:1      | Reached skill level 4 in Fighting
  1371 | D:2      | Noticed Jessica
  1379 | D:2      | Killed Jessica
  1379 | D:2      | Reached skill level 3 in Dodging
  1379 | D:2      | Reached XP level 4. HP: 36/49 MP: 4/4
  1645 | D:2      | Reached skill level 1 in Maces & Flails
  1899 | D:2      | Found a glowing silver altar of Zin.
  1900 | D:2      | Found a shattered altar of Ashenzari.
  1904 | D:2      | Found a radiant altar of Vehumet.
  1904 | D:2      | Found a shadowy altar of Dithmenos.
  1904 | D:2      | Found a sparkling altar of Nemelex Xobeh.
  1904 | D:2      | Found an opulent altar of Gozag.
  1905 | D:2      | Found a sacrificial altar of Ru.
  1906 | D:2      | Found a basalt altar of Yredelemnul.
  1908 | D:2      | Found a blossoming altar of Fedhas.
  1909 | D:2      | Found an ancient bone altar of Kikubaaqudgha.
  2249 | D:3      | Reached skill level 2 in Maces & Flails
  2275 | D:3      | Reached skill level 3 in Maces & Flails
  2275 | D:3      | Reached XP level 5. HP: 49/55 MP: 5/5
  2646 | D:3      | Reached skill level 4 in Maces & Flails
  3055 | D:4      | Reached skill level 5 in Maces & Flails
  3055 | D:4      | Reached XP level 6. HP: 63/63 MP: 6/6
  3135 | D:4      | Reached skill level 6 in Maces & Flails
  3495 | D:4      | Found a blossoming altar of Fedhas.
  3505 | D:4      | Noticed an oklob plant
  3754 | D:5      | Entered Level 5 of the Dungeon
  4135 | D:5      | Found Medumm's Gadget Shoppe.
  4246 | D:5      | Reached skill level 7 in Maces & Flails
  4281 | D:5      | Reached XP level 7. HP: 13/71 MP: 7/7
  4822 | D:5      | Reached skill level 8 in Maces & Flails
  5451 | D:5      | Reached skill level 9 in Maces & Flails
  5875 | D:5      | Reached skill level 10 in Maces & Flails
  5875 | D:5      | Reached XP level 8. HP: 71/79 MP: 8/8
  5984 | D:6      | Found a staircase to the Ecumenical Temple.
  5993 | Temple   | Entered the Ecumenical Temple
  6151 | Temple   | Became a worshipper of Cheibriados the Contemplative
  6269 | D:6      | Reached skill level 5 in Fighting
  6434 | D:6      | Found an ancient bone altar of Kikubaaqudgha.
  6434 | D:6      | Noticed an oklob plant
  6983 | D:6      | Reached skill level 6 in Fighting
  6983 | D:6      | Reached skill level 4 in Dodging
  7602 | D:6      | Reached skill level 11 in Maces & Flails
  7634 | D:6      | Killed an oklob plant
  7634 | D:6      | Reached skill level 7 in Fighting
  7634 | D:6      | Reached skill level 5 in Dodging
  7634 | D:6      | Reached XP level 9. HP: 44/93 MP: 9/9
  7903 | D:7      | Reached * piety under Cheibriados
  7927 | D:7      | Noticed Menkaure
  7934 | D:7      | Killed Menkaure
  8082 | D:7      | Reached skill level 8 in Fighting
  8386 | D:7      | Found a burning altar of Makhleb.
  8761 | D:7      | Reached ** piety under Cheibriados
  8761 | D:7      | Reached skill level 12 in Maces & Flails
  9100 | D:8      | Reached skill level 6 in Dodging
  9462 | D:8      | Reached skill level 9 in Fighting
  9984 | D:9      | Found Kawnilel's Antique Armour Shoppe.
 10024 | D:9      | Reached XP level 10. HP: 85/107 MP: 10/10
 10235 | D:9      | Reached *** piety under Cheibriados
 10237 | D:9      | Reached skill level 10 in Fighting
 10391 | D:9      | Reached skill level 13 in Maces & Flails
 10391 | D:9      | Reached skill level 7 in Dodging
 11053 | D:9      | Found an iron altar of Okawaru.
 11108 | D:9      | Reached **** piety under Cheibriados
 11164 | D:9      | Found a staircase to the Lair.
 11197 | D:10     | Entered Level 10 of the Dungeon
 11626 | D:10     | Reached ***** piety under Cheibriados
 11741 | D:10     | Noticed a hill giant
 11747 | D:10     | Killed a hill giant
 11851 | D:10     | Killed an unseen horror
 11851 | D:10     | Reached skill level 14 in Maces & Flails
 11851 | D:10     | Reached skill level 5 in Throwing
 11851 | D:10     | Reached skill level 8 in Dodging
 11851 | D:10     | Reached XP level 11. HP: 63/119 MP: 11/11
 12508 | D:11     | Noticed a hill giant
 12515 | D:11     | Killed a hill giant
 12772 | D:11     | Reached skill level 6 in Throwing
 13088 | D:11     | Reached skill level 1 in Invocations
 13279 | D:11     | Noticed a hill giant
 13294 | D:11     | Killed a hill giant
 13294 | D:11     | Reached skill level 2 in Invocations
 13878 | D:11     | Reached skill level 3 in Invocations
 14294 | D:12     | Reached skill level 7 in Throwing
 14298 | D:12     | Reached skill level 15 in Maces & Flails
 14298 | D:12     | Reached skill level 4 in Invocations
 14496 | D:12     | Noticed a hill giant
 14507 | D:12     | Killed a hill giant
 14861 | D:12     | Reached ****** piety under Cheibriados
 14861 | D:12     | Reached skill level 5 in Invocations
 14861 | D:12     | Reached XP level 12. HP: 127/127 MP: 15/15
 15215 | D:12     | Reached skill level 8 in Throwing
 15432 | D:12     | Found a staircase to the Orcish Mines.
 15967 | D:13     | Reached skill level 6 in Invocations
 16324 | D:13     | Found Xiwuot's Gadget Boutique.
 16377 | D:13     | Bought a wand of heal wounds (3) for 588 gold pieces
 16498 | D:13     | Noticed Maurice
 16500 | D:13     | Noticed Snorg
 16516 | D:13     | Killed Snorg
 16516 | D:13     | Reached skill level 7 in Invocations
 16517 | D:13     | Killed Maurice
 16517 | D:13     | Reached skill level 16 in Maces & Flails
 16673 | D:13     | Noticed a centaur warrior
 16675 | D:13     | Killed a centaur warrior
 16675 | D:13     | Reached skill level 9 in Throwing
 16752 | D:13     | Reached skill level 8 in Invocations
 16755 | D:13     | Mangled by a skeletal warrior

Vault maps used:
D:1:      erik_arrival_orb_chamber, hex_medium
D:2:      minitemple, uniq_jessica
D:4:      first_bread, tgw_fedhas
D:5:      minmay_opposing_rooms, tgw_sif, serial_shops, shop
D:6:      temple_fountains, lemuel_oklob_altar
D:7:      basic_altar, uniq_menkaure
D:9:      okawaru_trees_2, grunt_lair_entry_elf_guard_hut, serial_shops, shop
D:10:     hangedman_little_slice_of_home
D:12:     hiddenorc1_lemuel
D:13:     minmay_separated_statues, serial_shops, nicolae_shop_crystal,
          uniq_snorg, uniq_maurice
Temple:   jpeg_temple_alley_garden_8

Vanquished Creatures
  Snorg
  A centaur warrior
  4 skeletal warriors
  An unseen horror
  4 hill giants
  An ugly thing
  A manticore
  A wizard
  An oklob plant
  2 centaur zombies Maurice
  A cyclops
  2 centaur skeletons
  3 kobold demonologists
  2 trolls
  A two-headed ogre
  A hornet zombie
  A trapdoor spider
  A wraith
  2 water elementals
  6 vampire mosquitoes
  A wyvern
  7 yaks
  2 deep elf magi
  A steam dragon
  2 hippogriffs
  2 hungry ghosts
  A deep elf fighter
  3 water moccasins Menkaure
  A mottled dragon
  4 phantoms
  7 orc warriors
  A necrophage
  4 sky beasts
  3 centaurs
  3 ogres
  2 crocodiles
  7 big kobolds
  5 giant frogs
  3 wyvern zombies
  5 killer bees
  7 scorpions
  A water moccasin zombie
  2 wyvern skeletons
  12 wights
  4 crimson imps
  An electric eel
  A giant frog zombie
  3 hounds
  6 jellies
  6 orc wizards
  A giant frog skeleton
  6 iguanas
  6 orc priests Jessica
  6 worker ants
  2 hound zombies
  A hound skeleton
  4 gnolls
  2 river rats
  6 adders
  4 shadow imps
  6 oozes
  2 adder zombies
  3 adder skeletons
  2 worms
  7 giant geckos
  61 orcs
  2 giant cockroaches
  7 goblins
  6 hobgoblins
  17 jackals
  5 quokkas
  3 ball pythons
  17 bats
  2 giant newts
  25 kobolds
  26 rats
  15 fungi
  6 plants
397 creatures vanquished.
